 Dungeon Crawl Stone Soup version 0.25.1-2-g60ff931df9 (webtiles) character file.

Game seed: 12387175280637898437

151 tempo the Magician (level 5, 0/29 HPs)
             Began as a Deep Elf Wizard on Oct 1, 2020.
             Killed from afar by an orc wizard (5 damage)
             ... with a puff of frost
             ... on level 4 of the Dungeon.
             The game lasted 00:04:14 (3706 turns).

tempo the Magician (Deep Elf Wizard)                Turns: 3706, Time: 00:04:14

Health: 0/29       AC:  3    Str:  4    XL:     5   Next: 11%
Magic:  11/15      EV: 11    Int: 24    God:
Gold:   139        SH:  0    Dex: 13    Spells: 5/16 levels left

rFire    . . .     SeeInvis .   g - +0 whip (venom)
rCold    . . .     Gourm    .   (no shield)
rNeg     . . .     Faith    .   n - +0 leather armour
rPois    .         Spirit   .   b - +0 hat
rElec    .         Reflect  .   (no cloak)
rCorr    .         Harm     .   (no gloves)
MR       .....                  (no boots)
Stlth    ++........             (no amulet)
HPRegen  0.09/turn              p - ring of wizardry
MPRegen  0.14/turn              (no ring)

@: no status effects
A: no striking features
a: no special abilities


You were on level 4 of the Dungeon.
You were not hungry.

You visited 1 branch of the dungeon, and saw 4 of its levels.

You collected 139 gold pieces.

Inventory:

Hand Weapons
 g - a +0 whip of venom (weapon)
Armour
 b - a +0 hat (worn)
 n - a +0 leather armour (worn)
Jewellery
 p - a ring of wizardry (left hand)
Scrolls
 h - a scroll of random uselessness {unknown}
 i - 4 scrolls of identify {unknown}
 m - a scroll of remove curse {unknown}
Potions
 c - a potion of mutation {unknown}
 e - 2 potions of heal wounds {unknown}
 f - 2 potions of lignification {unknown}
 j - 6 potions of curing {unknown}
 k - a potion of magic {unknown}
 l - a potion of stabbing {unknown}
 o - a potion of cancellation {unknown}
Comestibles
 a - 6 chunks of flesh
 d - 8 rations


   Skills:
 - Level 1.2 Fighting
 - Level 1.2 Armour
 - Level 2.4 Dodging
 - Level 2.4 Stealth
 * Level 6.0 Spellcasting
 * Level 2.7 Conjurations
 - Level 1.1 Summonings
 - Level 1.1 Translocations
 + Level 0.8 Fire Magic
 + Level 0.6 Air Magic


You had 5 spell levels left.
You knew the following spells:

 Your Spells              Type           Power        Failure   Level  Hunger
a - Magic Dart            Conj           ###.         1%          1    None
b - Mephitic Cloud        Conj/Pois/Air  ##......     11%         3    #......
c - Call Imp              Summ           ##......     5%          2    None
d - Blink                 Tloc           N/A          5%          2    None
e - Conjure Flame         Conj/Fire      ###.....     9%          3    #......

Your spell library contained the following spells:

 Spells                   Type           Power        Failure   Level  Hunger
 Slow                     Hex            #.......     9%          2    None


Dungeon Overview and Level Annotations

Branches:
Dungeon (4/15)
 Temple: D:4-7

Altars:
Hepliaklqana


Message History

Press: ? - help, Shift-Dir - straight line, f/p - orc priest
Aim: an orc priest, wielding a +0 dagger and wearing a +0 leather armour (moderately wounded)
The magic dart hits the orc priest.
The orc priest is heavily wounded.
Casting: Magic Dart (safe; 1% risk of failure)
Confirm with . or Enter, or press ? or * to list all spells.
Aiming: Magic Dart (safe; 1% risk of failure)
Press: ? - help, Shift-Dir - straight line, f/p - orc priest
Aim: an orc priest, wielding a +0 dagger and wearing a +0 leather armour (heavily wounded)
The magic dart hits the orc priest.
The orc priest is severely wounded.
The orc priest calls down the wrath of Beogh upon you.
You struggle to resist.
The orc wizard casts a spell at you. The puff of frost hits you!
* * * LOW HITPOINT WARNING * * *
The orc priest looks braver for a moment.
The orc wizard points at you and mumbles some strange words.
The puff of frost hits you.
You die...

....... ...?...
....... .......
.......
#......##
##......###
......>@..#
...........#
...............
.......s.......
........##.o...
........###...#
.........# o..#
.........# ..##
.........#...


You could see a scorpion, an orc priest and an orc wizard.

Vanquished Creatures
  A hound (D:2)
  An orc wizard (D:3)
  3 adders
  A worm (D:3)
  2 dart slugs
  2 leopard geckos (D:1)
  5 orcs (D:3)
  5 bats
  4 giant cockroaches (D:1)
  5 goblins
  4 hobgoblins
  4 jackals (D:1)
  A quokka (D:3)
  3 frilled lizards
  3 kobolds
  7 rats
51 creatures vanquished.

Notes
Turn   | Place    | Note
-------+----------+-------------------------------------------
     0 | D:1      | tempo the Deep Elf Wizard began the quest for the Orb.
     0 | D:1      | Reached XP level 1. HP: 10/10 MP: 7/7
   432 | D:1      | Reached XP level 2. HP: 15/15 MP: 6/9
   798 | D:1      | Reached skill level 5 in Spellcasting
  1290 | D:1      | Reached XP level 3. HP: 20/20 MP: 7/11
  1295 | D:1      | Learned a level 3 spell: Mephitic Cloud
  1298 | D:1      | Learned a level 2 spell: Call Imp
  1301 | D:1      | Learned a level 2 spell: Blink
  1305 | D:1      | Learned a level 3 spell: Conjure Flame
  1611 | D:2      | Found a faded altar of an unknown god.
  1631 | D:2      | Reached skill level 1 in Fighting
  1631 | D:2      | Reached skill level 1 in Armour
  1853 | D:2      | Reached XP level 4. HP: 21/25 MP: 8/13
  2000 | D:2      | Found a hazy altar of Hepliaklqana.
  3381 | D:3      | Reached XP level 5. HP: 29/29 MP: 6/15
  3515 | D:3      | Reached skill level 6 in Spellcasting
  3706 | D:4      | Killed from afar by an orc wizard

Illustrated notes

Levels and vault maps discovered:
D:1:      dpeg_arrival_another_circle, layout_basic
D:2:      layout_rooms, lemuel_crystal_altar, chequers_ecumenical_altar_simple
D:3:      layout_basic, first_ration, minmay_misc_feat_pillars
D:4:      layout_cave_pods, minmay_temple_entry_statues_pillars,
          gammafunk_ghost_necromancy, uniq_eustachio

Skill      XL: |  1  2  3  4  5 |
---------------+----------------+-----
Spellcasting   | 5 6 |  6.0
Fighting       | 1 |  1.2
Armour         | 1 |  1.2
Conjurations   | 2 |  2.7
Dodging        | |  2.4
Stealth        | |  2.4
Summonings     | |  1.1
Translocations | |  1.1
Fire Magic     | |  0.8
Air Magic      | |  0.6

Action                   |  1- 3 |  4- 6 || total
-------------------------+-------+-------++-------
Melee: Unarmed           |    11 |       ||    11
       Whip              |       |     9 ||     9
 Cast: Magic Dart        |    67 |    79 ||   146
       Mephitic Cloud    |       |     2 ||     2
  Eat: Chunk             |     2 |     6 ||     8
Armor: Robe              |     6 |       ||     6
       Leather armour    |       |     3 ||     3
Dodge: Dodged            |    31 |    25 ||    56
